Map: Prion Terraces

Players

oremj

  • Race: Zerg Zerg
  • League: Platinum

CorbenDallas - Winner!

  • Race: Zerg Zerg
  • League: Silver

VOD

Have the link to the VOD?

Description

Time

  • Played on: Nov. 17, 2015, 1:56 p.m.
  • Length: 5:04
Show
View Real Time Build Order
Export as new Build Order

oremj Zerg 

Build Orders: Hatch First 

Get SALT Encoding   

  12  0:01  Drone  
  13  0:12  Overlord  
  13  0:17  Drone  
  14  0:42  Hatchery  
  13  0:44  Drone  
  14  0:56  Extractor  
  13  1:03  Spawning Pool  
  12  1:07  Drone  
  13  1:11  Drone  
  13  1:15  Drone  
  15  1:23  Drone  
  16  1:30  Drone  
  17  1:40  Drone  
  18  1:52  Queen  
  20  1:55  Queen  
  20  1:58  Drone  
  24  2:01  Zergling x2  
  24  2:04  Zergling x2  
  25  2:12  Metabolic Boost  
  25  2:17  Overlord  
  25  2:27  Drone  
  25  2:28  Drone x2  
  28  2:39  Queen  
  30  2:46  Queen  
  30  2:50  Drone  
  33  2:52  Drone  
  34  3:00  Drone x2  
  36  3:09  Overlord  
  36  3:12  Overlord  
  36  3:19  Roach Warren  
  35  3:23  Lair  
  35  3:31  Overlord  
  35  3:32  Overlord  
  35  3:37  Drone x2  
  37  3:44  Extractor  
  37  3:45  Drone x2  
  34  3:56  Zergling x10  
  34  3:58  Zergling x2  
  33  4:06  Zergling x4  
  33  4:07  Zergling x2  
  20  4:21  Drone  
Show
View Real Time Build Order
Export as new Build Order

CorbenDallas Zerg - Winner!

Build Orders: Hatch First 

Get SALT Encoding   

  12  0:03  Drone  
  13  0:11  Drone  
  14  0:18  Overlord  
  14  0:25  Extractor  
  14  0:26  Drone  
  15  0:37  Drone x2  
  17  0:56  Drone  
  18  1:00  Hatchery  
  18  1:01  Extractor  
  18  1:02  Drone  
  17  1:17  Spawning Pool  
  16  1:22  Drone x2  
  18  1:33  Drone  
  19  1:43  Overlord  
  19  1:59  Drone  
  20  2:09  Queen  
  20  2:12  Metabolic Boost  
  20  2:14  Queen  
  24  2:15  Zergling x2  
  24  2:16  Zergling x4  
  27  2:37  Zergling x4  
  27  2:38  Zergling x4  
  31  2:53  Overlord  
  31  2:55  Zergling x2  
  32  3:07  Zergling x6  
  32  3:08  Zergling x2  
  36  3:21  Zergling x4  
  38  3:29  Drone x3  
  38  3:30  Drone  
  42  3:38  Drone x2  
  44  3:55  Zergling x2  
  43  4:05  Zergling x2  
  43  4:06  Overlord  
  43  4:07  Overlord x2  
  44  4:21  Spine Crawler, Zergling x4  
  44  4:22  Zergling x4  
  43  4:27  Drone x2  
  42  4:39  Drone  
  42  4:40  Drone x3  
  46  4:47  Drone  
  46  4:48  Drone x2  
Tags
 
Add a new tag
Caveats
  • Supply blocks, unpowered buildings, or Contaminate may cause inaccurate times.
  • Supply counts are checked every 10 seconds.